 Dungeon Crawl Stone Soup version 0.16-a0-321-g9a421ca (webtiles) character file.

2463 Qrupt the Thrower (level 9, -2/79 HPs)
             Began as a Centaur Gladiator on Sept 2, 2014.
             Was a Believer of Makhleb.
             Slain by a killer bee (3 damage)
             ... on Level 6 of the Dungeon.
             The game lasted 00:27:44 (9419 turns).

Qrupt the Thrower (Centaur Gladiator)               Turns: 9419, Time: 00:27:47

HP  -2/79        AC  5     Str 20      XL: 9   Next: 26%
MP   7/7         EV 10     Int 11      God: Makhleb [**....]
Gold 272         SH  0     Dex 11      Spells:  0 memorised,  8 levels left

rFire  . . .     SeeInvis .     a - +0 war axe (curse)
rCold  . . .     Clarity  +     b - +0 leather armour
rNeg   . . .     rCorr    .     (no shield)
rPois  .         rRot     .     c - +0 helmet
rElec  .         Spirit   .     (no cloak)
SustAb +         Warding  .     (no gloves)
rMut   .         Stasis   .     (no barding)
Gourm  .                        F - amulet of clarity
MR     .....                    H - +4 ring of intelligence
                                q - ring of sustain abilities

@: lethally poisoned, very quick, not resistant to hostile enchantments, very
unstealthy
A: hooves 3, deformed body, speed 2, tough skin 3
a: Minor Destruction, Renounce Religion


You were on level 6 of the Dungeon.
You worshipped Makhleb.
Makhleb was pleased with you.
You were not hungry.

You visited 2 branches of the dungeon, and saw 8 of its levels.

You collected 272 gold pieces.

Inventory:

Hand weapons
 a - a cursed +0 war axe (weapon)
Missiles
 d - 2 throwing nets
 K - 2 steel javelins (quivered)
Armour
 b - a +0 leather armour (worn)
 c - a +0 helmet (worn)
Magical devices
 i - a wand of digging (7)
 s - a wand of polymorph (17)
 z - a wand of slowing (9)
 D - a wand of digging (18)
 G - a wand of teleportation (5) {unknown}
Comestibles
 f - 5 bread rations
 o - 3 fruits
 r - 4 meat rations
 A - a royal jelly
Scrolls
 e - 2 scrolls of random uselessness {unknown}
 g - a scroll of enchant armour {unknown}
 j - a scroll of recharging
 k - 3 scrolls of remove curse
 n - 2 scrolls of teleportation {unknown}
 t - a scroll of immolation {unknown}
 u - a scroll of amnesia {unknown}
 v - 3 scrolls of blinking {unknown}
 w - 4 scrolls of identify {unknown}
 x - a scroll of noise {unknown}
 y - a scroll of magic mapping {unknown}
 E - a scroll of fear {unknown}
Jewellery
 q - a ring of sustain abilities (left hand)
 B - an uncursed ring of ice
 F - an amulet of clarity (around neck)
 H - a +4 ring of intelligence (right hand)
Potions
 h - a potion of heal wounds
 l - a potion of beneficial mutation {unknown}
Books
 p - a book of the Dragon

   Spells                             Type                      Level
   Flight                             Charms/Air                   3
   Cause Fear                         Hexes                        4
   Bolt of Fire                       Conjuration/Fire             6
   Dragon Form                        Transmutation                7
   Dragon's Call                      Summoning                    9


   Skills:
 + Level 7.5 Fighting
 + Level 7.2 Axes
 + Level 9.8 Throwing
 - Level 2.1 Dodging


You had 8 spell levels left.
You didn't know any spells.

Dungeon Overview and Level Annotations

Branches:
Dungeon (7/15)             Temple (1/1) D:4

Altars:
Ashenzari
Cheibriados
Dithmenos
Elyvilon
Fedhas
Gozag
Kikubaaqudgha
Makhleb
Nemelex Xobeh
Okawaru
Qazlal
Sif Muna
Trog
Vehumet
Xom
Yredelemnul
Zin
The Shining One

Shops:
D:7 }


Innate Abilities, Weirdness & Mutations

You have hooves in place of feet.
Armour fits poorly on your strangely shaped body.
You cover ground very quickly.
You have extremely tough skin (AC +3).


Message History

You climb upwards.
* * * LOW HITPOINT WARNING * * *
You feel sick.
There is a stone staircase leading down here.
You closely miss the killer bee. Your kick misses the killer bee.
The killer bee is almost dead.
* * * LOW HITPOINT WARNING * * *
You feel sick.
The killer bee stings you but does no damage.
The killer bee closely misses you. The killer bee stings you.
* * * LOW HITPOINT WARNING * * *
You are more poisoned.
The killer bee poisons you!
You miss the killer bee.
The killer bee is almost dead.
* * * LOW HITPOINT WARNING * * *
You feel sick. The killer bee stings you.
* * * LOW HITPOINT WARNING * * *
The killer bee stings you.
You die...

#...##...# #####...##..##
##...##..##### #.....'...#
#.....#...#
#######...##..######
..#..##...##..##...##
......#.............#
......#.........@...#
......'........>.y..#
......#...........(.#
###.###..###..##.(.#########
###.####+###..####'##..##..##
.........#....#....'........#
.........#....'..(.#........#
.........#...)#.[..#..).(..)#
.........#....#....#........#


You could see a killer bee.

Vanquished Creatures
  Menkaure (D:7)
  A sky beast (D:5)
  A black bear (D:6)
  3 orc warriors (D:7)
  A phantom (D:7)
  3 ogres
  A centaur (D:7)
  Sigmund (D:2)
  A giant frog (D:6)
  Blork the orc (D:7)
  A water moccasin skeleton (D:7)
  A scorpion (D:7)
  4 killer bees
  2 jellies (D:7)
  A hippogriff skeleton (D:6)
  2 goliath beetles
  A gnoll shaman (D:4)
  An orc priest (D:7)
  4 hounds
  3 iguanas
  3 worker ants
  Natasha (thrice) (D:5)
  3 orc wizards (D:5)
  2 ogre skeletons
  10 gnolls
  9 adders
  A giant mite (D:1)
  2 white imps (D:5)
  A shadow imp (D:6)
  2 worms (D:5)
  2 giant geckos
  An ooze (D:5)
  18 orcs
  A ball python (D:1)
  A bat zombie (D:6)
  4 giant cockroaches
  16 goblins
  11 hobgoblins
  10 jackals
  11 kobolds
  11 bats
  A giant gecko skeleton (D:6)
  3 giant newts
  2 hobgoblin skeletons
  A hobgoblin zombie (D:5)
  A kobold zombie (D:5)
  An orc skeleton (D:5)
  4 quokkas
  7 rats
  2 rat skeletons (D:6)
178 creatures vanquished.

Notes
Turn   | Place    | Note
--------------------------------------------------------------
     0 | D:1      | Qrupt, the Centaur Gladiator, began the quest for the Orb.
     0 | D:1      | Reached XP level 1. HP: 17/17 MP: 1/1
    13 | D:1      | Reached skill level 3 in Throwing
    13 | D:1      | Reached XP level 2. HP: 18/24 MP: 2/2
  1184 | D:2      | Noticed Sigmund
  1245 | D:2      | Reached XP level 3. HP: 30/30 MP: 3/3
  1583 | D:3      | Reached XP level 4. HP: 36/38 MP: 3/3
  2020 | D:4      | Reached skill level 4 in Throwing
  2119 | D:4      | Found a blossoming altar of Fedhas.
  2518 | D:4      | Reached XP level 5. HP: 36/45 MP: 4/4
  2811 | D:4      | Found an ancient bone altar of Kikubaaqudgha.
  2919 | D:4      | Found a staircase to the Ecumenical Temple.
  2967 | D:4      | Found a shattered altar of Ashenzari.
  3067 | Temple   | Entered the Ecumenical Temple
  3166 | D:5      | Entered Level 5 of the Dungeon
  3206 | D:5      | Reached skill level 5 in Throwing
  3206 | D:5      | Reached XP level 6. HP: 42/52 MP: 5/5
  3392 | D:5      | Noticed a sky beast
  3417 | D:5      | Killed a sky beast
  3779 | D:5      | Noticed Natasha
  3792 | D:5      | Killed Natasha
  3792 | D:5      | Reached skill level 6 in Throwing
  3792 | D:5      | Reached XP level 7. HP: 24/60 MP: 5/5
  4106 | D:5      | Found a shadowy altar of Dithmenos.
  4158 | D:5      | Noticed Natasha
  4178 | D:5      | Reached skill level 5 in Axes
  4182 | D:5      | Killed Natasha
  4397 | D:5      | Reached skill level 5 in Fighting
  4859 | D:5      | Noticed Natasha
  4869 | D:5      | Killed Natasha
  5065 | D:5      | Found a burning altar of Makhleb.
  5071 | D:5      | Became a worshipper of Makhleb the Destroyer
  5227 | D:2      | Killed Sigmund
  5382 | D:2      | Reached skill level 7 in Throwing
  6070 | D:6      | Reached XP level 8. HP: 27/70 MP: 6/6
  7002 | D:7      | Reached skill level 8 in Throwing
  7092 | D:7      | Acquired Makhleb's first power
  7114 | D:7      | Found Cry Wyxa's Gadget Shop.
  7687 | D:7      | Found a glowing golden altar of the Shining One.
  7700 | D:7      | Noticed Blork the orc
  7701 | D:7      | Found a radiant altar of Vehumet.
  7708 | D:7      | Killed Blork the orc
  7708 | D:7      | Reached skill level 9 in Throwing
  7837 | D:7      | Noticed Menkaure
  7900 | D:7      | Reached XP level 9. HP: 79/79 MP: 7/7
  7946 | D:7      | Killed Menkaure
  8282 | D:6      | Acquired Makhleb's second power
  9040 | D:6      | HP: 3/79 [poisoned by a killer bee]
  9045 | D:6      | HP: 2/79 [poisoned by a killer bee]
  9052 | D:6      | HP: 2/79 [poisoned by a killer bee]
  9060 | D:6      | HP: 2/79 [poisoned by a killer bee]
  9419 | D:6      | HP: 1/79 [killer bee (4)]
  9419 | D:6      | Slain by a killer bee

Action                   |  1- 3 |  4- 6 |  7- 9 || total
-------------------------+-------+-------+-------++-------
Melee: War axe           |   110 |   149 |   309 ||   568
Throw: Throwing net      |       |     3 |     2 ||     5
       Javelin           |       |       |    37 ||    37
Evoke: Wand              |       |       |     3 ||     3
  Use: Potion            |       |     4 |       ||     4
       Scroll            |       |       |     2 ||     2
 Stab: Held in net/web   |       |     2 |     1 ||     3
  Eat: Chunk             |     1 |     6 |    10 ||    17
       Fruit             |       |       |     2 ||     2
       Beef jerky        |       |       |     3 ||     3
